 Dungeon Crawl Stone Soup version 0.30-a0-571-gdf30a72648 (webtiles) character file.

Game seed: 11892348501892563088

15 Jase the Chopper (level 2, 0/26 HPs)
             Began as a Hill Orc Monk on Dec 29, 2022.
             Slain by a ball python (1 damage)
             ... on level 1 of the Dungeon.
             The game lasted 00:00:54 (246 turns).

Jase the Chopper (Hill Orc Monk)                     Turns: 246, Time: 00:00:54

Health: 0/26       AC:  2    Str: 13    XL:     2   Next: 50%
Magic:  2/2        EV: 12    Int: 10    God:
Gold:   13         SH:  0    Dex: 13    Spells: 1/1 levels left

rFire   . . .      SeeInvis .    a - +0 hand axe
rCold   . . .      Faith    .    (no shield)
rNeg    . . .      Spirit   .    b - +0 robe
rPois   .          Reflect  .    (no helmet)
rElec   .          Harm     .    (no cloak)
rCorr   .          Rampage  .    (no gloves)
Will    .....                    (no boots)
Stlth   ++                       (no amulet)
HPRegen 0.24/turn                (no ring)
MPRegen 0.08/turn                (no ring)

@: no status effects
A: no striking features
a: no special abilities


You were on level 1 of the Dungeon.
You visited 1 branch of the dungeon, and saw 1 of its levels.

You collected 13 gold pieces.

Inventory:

Hand Weapons
 a - a +0 hand axe (weapon)
Armour
 b - a +0 robe (worn)
Jewellery
 e - a ring of ice
Potions
 c - a potion of ambrosia
 d - a potion of degeneration {unknown}
 f - a potion of mutation {unknown}
 g - a potion of curing {unknown}


   Skills:
 - Level 3.6 Fighting
 + Level 5.1 Axes
 - Level 2.4 Dodging
 - Level 1.5 Stealth


You had one spell level left.
You didn't know any spells.
Your spell library was empty.

Dungeon Overview and Level Annotations

Branches:
Dungeon (1/15)

Altars:


Message History

The gnoll hits you with a +0 flail.
You hit the gnoll.
The gnoll is moderately wounded.
A ball python comes into view.
A kobold comes into view. It is wielding a +0 club.
The gnoll barely misses you.
You barely miss the gnoll.
The gnoll is moderately wounded.
The kobold shouts!
You hit the goblin.
You kill the goblin!
The gnoll barely misses you.
You hit the gnoll.
The gnoll is severely wounded.
The gnoll closely misses you.
You hit the gnoll.
The gnoll is severely wounded.
The gnoll hits you with a +0 flail!
Ouch! That really hurt!
* * * LOW HITPOINT WARNING * * *
The dart slug launches a dart at you.
The slug dart hits you but does no damage.
You are too injured to fight recklessly!
You are too injured to fight recklessly!
You are too injured to fight recklessly!
You are too injured to fight recklessly!
You hit the gnoll.
The gnoll is almost dead.
The gnoll closely misses you.
You hit the gnoll.
You kill the gnoll!
You hit the ball python. The ball python bites you.
* * * LOW HITPOINT WARNING * * *
The ball python misses you.
Your Axes skill increases to level 5!
You have reached level 2!
You closely miss the ball python.
The ball python is severely wounded.
You hit the kobold but do no damage. The ball python bites you.
You die...

.. ##.........
.### .
#.#..........
.....#
#.#.[........
#####...
#.#...?......
......##
#............
........
#.....w......
....###'
#....)S..?.♣. . #.
#?...@K...... #.
#............
#.###
######............
#....
#................#
#####
##..............+#
# ##..........#..#
#### #
####.....###.##
..# # ####..#..##
.# #.##+#
...>..†..## #.#
#.##..


You could see a dart slug, a ball python and a kobold.

Vanquished Creatures
  A gnoll (D:1)
  2 endoplasms (D:1)
  A bat (D:1)
  A frilled lizard (D:1)
  A goblin (D:1)
6 creatures vanquished.

Notes
Turn   | Place    | Note
-------+----------+-------------------------------------------
     0 | D:1      | Jase the Hill Orc Monk began the quest for the Orb.
     0 | D:1      | Reached XP level 1. HP: 19/19 MP: 1/1
   246 | D:1      | Reached skill level 5 in Axes
   246 | D:1      | Reached XP level 2. HP: 1/26 MP: 2/2
   246 | D:1      | Slain by a ball python

Illustrated notes

Levels and vault maps discovered:
D:1:      nicolae_arrival_somewhat_less_tricky_arrival, layout_rooms,
          hellmonk_ecumenical_altar_defaced_shrine, kennysheep_minor_cross,
          minmay_misc_feat_doors, minivault_4, lemuel_flame_loot_1

Skill      XL: |  1 |
---------------+----+-----
Axes           | 5 |  5.1
Fighting       | |  3.6
Dodging        | |  2.4
Stealth        | |  1.5

Action                   || total
-------------------------++-------
Melee: Hand axe          ||    22
 Stab: Sleeping          ||     1
Armor: Robe              ||     2
Dodge: Dodged            ||    20

Table legend: (Time is in decaauts)
 A = Elapsed time spent in this place.
 B = Non-inter-level travel time spent in this place.
 C = Inter-level travel time spent in this place.
 D = Time resting spent in this place.
 E = Time spent auto-exploring this place.
 F = Levels seen in this place.
 G = Mean time per level.
                   A        B        C        D        E       F      G
               +--------+--------+--------+--------+--------+-----+--------+
         Total |    248 |    248 |      0 |      0 |    200 |   1 |  248.0 |
       Dungeon |    248 |    248 |      0 |      0 |    200 |   1 |  248.0 |
               +--------+--------+--------+--------+--------+-----+--------+

Top non-repeatable levels by time:
     D:1: 248 daAuts
